Workbook
Name Bars: OFFSET([1]Pareto!$F$7,0,0,COUNT([1]Pareto!$F:$F))
Name Datum: '[2] '!$Z$4
Name Datum: ' '!$Z$4
Name paretoXaxis: OFFSET([1]Pareto!$E$7,0,0,COUNT([1]Pareto!$F:$F))
Name Percentage: OFFSET([1]Pareto!$H$7,0,0,COUNT([1]Pareto!$F:$F))
Name Sprachen: ' '!$C$3:$G$3

Sheet  
A1: =OFFSET($C1,0,$B$4-1) -> English | C1: Deutsch | D1: Français | E1: English | F1: Italiano
A2: Aktuelle Sprache | C2: Sprache 1 | D2: Sprache 2 | E2: Sprache 3 | F2: Sprache 4 | G2: Sprache 5
A3: Aktuell angezeigte Sprache | C3: Deutsch | D3: Français | E3: English | F3: Italiano | G3: 5_???
B4: 3 | Z4: 55153
A5: =OFFSET($C5,0,$B$4-1) -> S T R A T E G I C M A N A G E M E N T | C5: S T R A T E G I S C H E S M A N A G E M E N T | D5: M A N A G E M E N T S T R A T É G I Q U E | E5: S T R A T E G I C M A N A G E M E N T | F5: M A N A G E M E N T S T R A T E G I C O | G5: contact info@2imanagement.ch | Z5: =IF(AND(#REF!="© iManagement • s.imboden • www.2iManagement.ch",#REF!= "© iManagement • s.imboden • www.2iManagement.ch", TODAY()<=$Z$4), $B$4,5) -> #REF!
A6: =OFFSET($C6,0,$B$4-1) -> Phases | C6: Phasen | D6: Phases | E6: Phases | F6: Fasi | G6: contact info@2imanagement.ch
A7: =OFFSET($C7,0,$B$4-1) -> Questions | C7: Fragen | D7: Questions | E7: Questions | F7: Domande | G7: contact info@2imanagement.ch | Z7: Deutsch
A8: =OFFSET($C8,0,$B$4-1) -> Tools | C8: Instrumente | D8: Outils | E8: Tools | F8: Strumenti | G8: contact info@2imanagement.ch | Z8: Français
A9: =OFFSET($C9,0,$B$4-1) -> External | C9: extern | D9: externe | E9: External | F9: esterno | G9: contact info@2imanagement.ch | Z9: English
A10: =OFFSET($C10,0,$B$4-1) -> Internal | C10: intern | D10: interne | E10: Internal | F10: interno | G10: contact info@2imanagement.ch | Z10: Italiano
A11: =OFFSET($C11,0,$B$4-1) -> Analysis | C11: Analyse | D11: Analyse | E11: Analysis | F11: Analisi | G11: contact info@2imanagement.ch
A12: =OFFSET($C12,0,$B$4-1) -> ACTUAL state | C12: IST-Zustand | D12: État ACTUEL | E12: ACTUAL state | F12: Stato ATTUALE | G12: contact info@2imanagement.ch
A13: =OFFSET($C13,0,$B$4-1) -> Who are we? Where do we stand? | C13: Wer sind wir? Wo stehen wir? | D13: Qui sommes-nous? Où sommes-nous? | E13: Who are we? Where do we stand? | F13: Chi siamo? Dove ci troviamo? | G13: contact info@2imanagement.ch
A14: =OFFSET($C14,0,$B$4-1) -> TARGET state | C14: SOLL-Zustand | D14: État FUTUR | E14: TARGET state | F14: Stato FUTURO | G14: contact info@2imanagement.ch
A15: =OFFSET($C15,0,$B$4-1) -> Scenarios | C15: Szenarien | D15: Scénarios | E15: Scenarios | F15: Scenari | G15: contact info@2imanagement.ch
A16: =OFFSET($C16,0,$B$4-1) -> What options? Consequences? | C16: Welche Optionen? Konsequenzen? | D16: Quelles options? Conséquences? | E16: What options? Consequences? | F16: Quali opzioni? Conseguenze? | G16: contact info@2imanagement.ch
A17: =OFFSET($C17,0,$B$4-1) -> Stakeholder analysis | C17: Stakeholderanalyse | D17: Analyse des parties prenantes | E17: Stakeholder analysis | F17: Analisi degli stakeholder | G17: contact info@2imanagement.ch
A18: =OFFSET($C18,0,$B$4-1) -> PESTEL analysis | C18: PESTEL Analyse | D18: Analyse PESTEL | E18: PESTEL analysis | F18: Analisi PESTEL | G18: contact info@2imanagement.ch
A19: =OFFSET($C19,0,$B$4-1) -> Future scenarios | C19: Zukunftsszenarien | D19: Scénarios d'avenir | E19: Future scenarios | F19: Scenari futuri | G19: contact info@2imanagement.ch
A20: =OFFSET($C20,0,$B$4-1) -> Development trends | C20: Entwicklungstrends | D20: Tendances de développement | E20: Development trends | F20: Tendenze di sviluppo | G20: contact info@2imanagement.ch
A21: =OFFSET($C21,0,$B$4-1) -> Five Forces Model | C21: Fünf-Kräfte-Modell | D21: 5 forces de Porter | E21: Five Forces Model | F21: Modello delle 5 forze | G21: contact info@2imanagement.ch
A22: =OFFSET($C22,0,$B$4-1) -> Risk analysis | C22: Risikoanalyse | D22: Analyse des risques | E22: Risk analysis | F22: Analisi del rischio | G22: contact info@2imanagement.ch
... A29: =OFFSET($C29,0,$B$4-1) -> Potential | C29: Potenzial | D29: Potentiel | E29: Potential | F29: Potenziale | G29: contact info@2imanagement.ch
A30: =OFFSET($C30,0,$B$4-1) -> Trends | C30: Trends | D30: Tendances | E30: Trends | F30: Tendenze
A31: =OFFSET($C31,0,$B$4-1) -> Customers | C31: Kunden | D31: Clients | E31: Customers | F31: Clienti | G31: contact info@2imanagement.ch
A32: =OFFSET($C32,0,$B$4-1) -> Market | C32: Markt | D32: Marché | E32: Market | F32: Mercato | G32: contact info@2imanagement.ch
A33: =OFFSET($C33,0,$B$4-1) -> Benchmarking | C33: Benchmarking | D33: Benchmarking | E33: Benchmarking | F33: Benchmarking | G33: contact info@2imanagement.ch
A34: =OFFSET($C34,0,$B$4-1) -> Develop strategies | C34: Strategien entwickeln | D34: Développer les stratégies | E34: Develop strategies | F34: Sviluppare le strategie | G34: contact info@2imanagement.ch
A35: =OFFSET($C35,0,$B$4-1) -> Implemen-tation & Controlling | C35: Umsetzung& Controlling | D35: Réalisation& Controlling | E35: Implemen-tation & Controlling | F35: Attuazione & Controlling | G35: contact info@2imanagement.ch
A36: =OFFSET($C36,0,$B$4-1) -> How can we reach our goals? | C36: Wie erreichen wir unsere Ziele? | D36: Comment atteindre les objectifs | E36: How can we reach our goals? | F36: Come raggiungere gli obiettivi | G36: contact info@2imanagement.ch
A37: =OFFSET($C37,0,$B$4-1) -> SWOT Analysis | C37: SWOT-Analyse | D37: Analyse SWOT | E37: SWOT Analysis | F37: Analisi SWOT | G37: contact info@2imanagement.ch
A38: =OFFSET($C38,0,$B$4-1) -> Project management | C38: Projektmanagement | D38: Gestion de projets | E38: Project management | F38: Gestione di progetti | G38: contact info@2imanagement.ch
A39: =OFFSET($C39,0,$B$4-1) -> Strategies | C39: Strategien | D39: Stratégies | E39: Strategies | F39: Strategie | G39: contact info@2imanagement.ch
A40: =OFFSET($C40,0,$B$4-1) -> How can we reach our goals? | C40: Wie erreichen wir unsere Ziele? | D40: Comment atteindre nos objectifs ? | E40: How can we reach our goals? | F40: Come raggiungiamo i nostri obiettivi? | G40: contact info@2imanagement.ch
A41: =OFFSET($C41,0,$B$4-1) -> Vision / Mission | C41: Vision/Mission | D41: Vision/Mission | E41: Vision / Mission | F41: Visione / Missione | G41: contact info@2imanagement.ch
A42: =OFFSET($C42,0,$B$4-1) -> Strategy Map | C42: Strategy Map | D42: Strategy Map | E42: Strategy Map | F42: Mappa strategica | G42: contact info@2imanagement.ch
... A50: =OFFSET($C50,0,$B$4-1) -> Innovation | C50: Innovation | D50: Innovation | E50: Innovation | F50: Innovazione | G50: contact info@2imanagement.ch
A51: =OFFSET($C51,0,$B$4-1) -> Your logo: | C51: Ihr Logo: | D51: Votre logo: | E51: Your logo: | F51: Vostro logo:
A52: =OFFSET($C52,0,$B$4-1) -> S T A K E H O L D E R A N A L Y S I S | C52: S T A K E H O L D E R - A N A L Y S E | D52: A N A L Y S E D E S P A R T I E S P R E N A N T E S | E52: S T A K E H O L D E R A N A L Y S I S | F52: A N A L I S I D E G L I S T A K E H O L D E R | G52: contact info@2imanagement.ch
A53: =OFFSET($C53,0,$B$4-1) -> Wider environment | C53: weites Umfeld | D53: Contexte large | E53: Wider environment | F53: Contesto ampio | G53: contact info@2imanagement.ch
A54: =OFFSET($C54,0,$B$4-1) -> Immediate environment | C54: nahes Umfeld | D54: Contexte restreint | E54: Immediate environment | F54: Contesto ristretto | G54: contact info@2imanagement.ch
A55: =OFFSET($C55,0,$B$4-1) -> Internal | C55: intern | D55: interne | E55: Internal | F55: interno | G55: contact info@2imanagement.ch
A56: =OFFSET($C56,0,$B$4-1) -> Us | C56: Wir | D56: Nous | E56: Us | F56: Noi | G56: contact info@2imanagement.ch
A57: =OFFSET($C57,0,$B$4-1) -> Frequent contacts | C57: häufiger Kontakt | D57: contacts fréquents | E57: Frequent contacts | F57: Contatti frequenti | G57: contact info@2imanagement.ch
A58: =OFFSET($C58,0,$B$4-1) -> Regular contacts | C58: regelmässiger Kontakt | D58: contacts réguliers | E58: Regular contacts | F58: Contatti regolari | G58: contact info@2imanagement.ch
A59: =OFFSET($C59,0,$B$4-1) -> Rare contacts | C59: seltener Kontakt | D59: contacts rares | E59: Rare contacts | F59: Contatti rari | G59: contact info@2imanagement.ch
A60: =OFFSET($C60,0,$B$4-1) -> High | C60: hoch | D60: grande | E60: High | F60: alto | G60: contact info@2imanagement.ch
A61: =OFFSET($C61,0,$B$4-1) -> Big | C61: gross | D61: grand | E61: Big | F61: grande | G61: contact info@2imanagement.ch
A62: =OFFSET($C62,0,$B$4-1) -> Stakeholder influence | C62: Einfluss der Stakeholder | D62: Influence des parties prenantes | E62: Stakeholder influence | F62: Influsso degli stakeholder | G62: contact info@2imanagement.ch
A63: =OFFSET($C63,0,$B$4-1) -> Low | C63: gering | D63: petite | E63: Low | F63: basso | G63: contact info@2imanagement.ch
... A82: =OFFSET($C82,0,$B$4-1) -> Legal trends | C82: Rechtliche Trends | D82: Tendances légales | E82: Legal trends | F82: Tendenze legislative | G82: contact info@2imanagement.ch
A83: =OFFSET($C83,0,$B$4-1) -> Trends | C83: Trends | D83: Tendances | E83: Trends | F83: Tendenze
A84: =OFFSET($C84,0,$B$4-1) -> P E S T E L A N A L Y S I S | C84: P E S T E L - A N A L Y S E | D84: A N A L Y S E P E S T E L | E84: P E S T E L A N A L Y S I S | F84: A N A L I S I P E S T E L | G84: contact info@2imanagement.ch
A85: =OFFSET($C85,0,$B$4-1) -> Political influence factors | C85: Politische Einflussfaktoren | D85: Facteurs d'influence politique | E85: Political influence factors | F85: Fattori d'influsso politico | G85: contact info@2imanagement.ch
A86: =OFFSET($C86,0,$B$4-1) -> No. | C86: Nr. | D86: No. | E86: No. | F86: N. | G86: contact info@2imanagement.ch
A87: =OFFSET($C87,0,$B$4-1) -> Influence factors | C87: Einflussfaktoren | D87: Facteurs d'influence | E87: Influence factors | F87: Fattori d'influsso | G87: contact info@2imanagement.ch
A88: =OFFSET($C88,0,$B$4-1) -> Consequences | C88: Auswirkungen | D88: Impact | E88: Consequences | F88: Impatto | G88: contact info@2imanagement.ch
A89: =OFFSET($C89,0,$B$4-1) -> Impact of consequences | C89: Stärke der Auswirkung | D89: Intensité de l'impact | E89: Impact of consequences | F89: Intensità dell'impatto | G89: contact info@2imanagement.ch
A90: =OFFSET($C90,0,$B$4-1) -> Trend | C90: Trend | D90: Ten- dance | E90: Trend | F90: Ten- denza | G90: contact info@2imanagement.ch
A91: =OFFSET($C91,0,$B$4-1) -> Possible measures | C91: Mögliche Massnahmen | D91: Mesures possibles | E91: Possible measures | F91: Misure possibili | G91: contact info@2imanagement.ch
A92: =OFFSET($C92,0,$B$4-1) -> Status | C92: Status | D92: Statut | E92: Status | F92: Statuto | G92: contact info@2imanagement.ch
A93: =OFFSET($C93,0,$B$4-1) -> Economic influence factors | C93: Ökonomische Einflussfaktoren | D93: Facteurs d'influence économique | E93: Economic influence factors | F93: Fattori d'influsso economico | G93: contact info@2imanagement.ch
A94: =OFFSET($C94,0,$B$4-1) -> Sociological influence factors | C94: Soziologische Einflussfaktoren | D94: Facteurs d'influence sociologique | E94: Sociological influence factors | F94: Fattori d'influsso sociologico | G94: contact info@2imanagement.ch
A95: =OFFSET($C95,0,$B$4-1) -> Technological influence factors | C95: Technologische Einflussfaktoren | D95: Facteurs d'influence technologique | E95: Technological influence factors | F95: Fattori d'influsso tecnologico | G95: contact info@2imanagement.ch
... A103: =OFFSET($C103,0,$B$4-1) -> Threat of new entrants | C103: Bedrohung neue Mitbewerber | D103: Menace de nouv. entrants | E103: Threat of new entrants | F103: Minaccia di nuovi entranti | G103: contact info@2imanagement.ch
A104: =OFFSET($C104,0,$B$4-1) -> Public authorities | C104: Öffentliche Hand | D104: Pouvoir publics | E104: Public authorities | F104: Autorità pubblica
A105: =OFFSET($C105,0,$B$4-1) -> Bargaining power of suppliers | C105: Verhandlungs-stärke Lieferanten | D105: Pouvoir de nég. fournisseurs | E105: Bargaining power of suppliers | F105: Potere contrattuale dei fornitori | G105: contact info@2imanagement.ch
A106: =OFFSET($C106,0,$B$4-1) -> Negotiating power of customers | C106: Verhandlungs-stärke Kunden | D106: Pouvoir de nég. clients | E106: Negotiating power of customers | F106: Potere contrattuale dei clienti | G106: contact info@2imanagement.ch
A107: =OFFSET($C107,0,$B$4-1) -> Threat of substitute products | C107: Bedrohung durch Ersatzprodukte | D107: Produits de substitution | E107: Threat of substitute products | F107: Minaccia di prodotti sostitutivi | G107: contact info@2imanagement.ch
A108: =OFFSET($C108,0,$B$4-1) -> Competitors / Rivalry | C108: Mitbewerber/ Rivalität | D108: Concurrence / rivalité | E108: Competitors / Rivalry | F108: Concorrenza / Rivalità | G108: contact info@2imanagement.ch
A109: =OFFSET($C109,0,$B$4-1) -> Threat of competitors | C109: Bedrohung durch neue Mitbewerber | D109: Menace de nouveaux entrants | E109: Threat of competitors | F109: Minaccia di nuovi entranti | G109: contact info@2imanagement.ch
A110: =OFFSET($C110,0,$B$4-1) -> Bargaining power of suppliers | C110: Verhandlungsstärke der Lieferanten | D110: Pouvoir de négociation des fournisseurs | E110: Bargaining power of suppliers | F110: Potere contrattuale dei fornitori | G110: contact info@2imanagement.ch
A111: =OFFSET($C111,0,$B$4-1) -> Threat of substitute products | C111: Bedrohung durch Ersatzprodukte | D111: Menace des produits de substitution | E111: Threat of substitute products | F111: Minaccia di prodotti sostitutivi | G111: contact info@2imanagement.ch
A112: =OFFSET($C112,0,$B$4-1) -> Negotiating power of customers | C112: Verhandlungsstärke der Kunden | D112: Pouvoir de négociation des clients | E112: Negotiating power of customers | F112: Potere contrattuale dei clienti | G112: contact info@2imanagement.ch
A113: =OFFSET($C113,0,$B$4-1) -> Competitors / Rivalry | C113: Mitbewerber/Rivalität | D113: Concurrence / rivalité | E113: Competitors / Rivalry | F113: Concorrenza / Rivalità | G113: contact info@2imanagement.ch
A114: =OFFSET($C114,0,$B$4-1) -> No. | C114: Nr. | D114: No. | E114: No. | F114: N. | G114: contact info@2imanagement.ch
A115: =OFFSET($C115,0,$B$4-1) -> Title | C115: Bezeichnung | D115: Désignation | E115: Title | F115: Designazione | G115: contact info@2imanagement.ch
A116: =OFFSET($C116,0,$B$4-1) -> Consequences | C116: Auswirkungen | D116: Impact | E116: Consequences | F116: Impatto | G116: contact info@2imanagement.ch
... A183: =OFFSET($C183,0,$B$4-1) -> Margin | C183: Marge | D183: Marge | E183: Margin | F183: Margine | G183: contact info@2imanagement.ch
A184: =OFFSET($C184,0,$B$4-1) -> Service sector | C184: Dienstleistungssektor | D184: Secteur de Services | E184: Service sector | F184: Settore dei servizi
A185: =OFFSET($C185,0,$B$4-1) -> Services | C185: Service & Dienstleistungen | D185: Services & Prestations | E185: Services | F185: Servizi & prestationi
A186: =OFFSET($C186,0,$B$4-1) -> Informations System | C186: Informationssysteme | D186: Système d'information | E186: Informations System | F186: Systema d'informazione
A187: =OFFSET($C187,0,$B$4-1) -> C O M P E T E N C E S | C187: R E S S O U R C E N & K E R N K O M P E T E N Z E N | D187: R E S S O U R C E S & C O M P É T E N C E S C L É | E187: C O M P E T E N C E S | F187: R I S O R S E & C O M P E T E N Z E | G187: contact info@2imanagement.ch
A188: =OFFSET($C188,0,$B$4-1) -> Core competences | C188: Kern- kompetenzen | D188: Compétences clé | E188: Core competences | F188: Competenze chiave | G188: contact info@2imanagement.ch
A189: =OFFSET($C189,0,$B$4-1) -> Core competences | C189: Kernkompetenzen | D189: Compétences clé | E189: Core competences | F189: Competenze chiave | G189: contact info@2imanagement.ch
A190: =OFFSET($C190,0,$B$4-1) -> Resources | C190: Ressourcen | D190: Ressources | E190: Resources | F190: Risorse | G190: contact info@2imanagement.ch
A191: =OFFSET($C191,0,$B$4-1) -> Competences | C191: Fähigkeiten | D191: Compétences | E191: Competences | F191: Competenze | G191: contact info@2imanagement.ch
A192: =OFFSET($C192,0,$B$4-1) -> Stratigic importance | C192: Strategische Wichtigkeit | D192: Importance stratégique | E192: Stratigic importance | F192: Importanza strategica | G192: contact info@2imanagement.ch
A193: =OFFSET($C193,0,$B$4-1) -> - Valuable to the customer - Difficult to substitute | C193: - Wertvoll für den Kunden - Schwer substituierbar | D193: - Précieux pour le client - Difficile à substituer | E193: - Valuable to the customer - Difficult to substitute | F193: - Prezioso per il cliente - Difficile da sostituire | G193: contact info@2imanagement.ch
A194: =OFFSET($C194,0,$B$4-1) -> No. | C194: Nr. | D194: No. | E194: No. | F194: N. | G194: contact info@2imanagement.ch
A195: =OFFSET($C195,0,$B$4-1) -> Core resources & competences | C195: Kernressourcen & Kompetenzen | D195: Ressources & Compétences clé | E195: Core resources & competences | F195: Risorse & competenze chiave | G195: contact info@2imanagement.ch
A196: =OFFSET($C196,0,$B$4-1) -> Main opportunities | C196: Hauptchancen | D196: Chances principales | E196: Main opportunities | F196: Opportunità principali | G196: contact info@2imanagement.ch
A197: =OFFSET($C197,0,$B$4-1) -> Main dangers | C197: Hauptgefahren | D197: Dangers principaux | E197: Main dangers | F197: Pericoli principali | G197: contact info@2imanagement.ch
A198: =OFFSET($C198,0,$B$4-1) -> Main strengths | C198: Hauptstärken | D198: Forces principales | E198: Main strengths | F198: Prinicpali punti die forza | G198: contact info@2imanagement.ch
... A296: =OFFSET($C296,0,$B$4-1) -> Competition | C296: Konkurrenz | D296: Concurrence | E296: Competition | F296: Concorrenza | G296: contact info@2imanagement.ch
A297: =OFFSET($C297,0,$B$4-1) -> difference: | C297: Differenz: | D297: différence: | E297: difference: | F297: differenza:
A298: =OFFSET($C298,0,$B$4-1) -> ≥ 1 | C298: ≥ 1 | D298: ≥ 1 | E298: ≥ 1 | F298: ≥ 1
A299: =OFFSET($C299,0,$B$4-1) -> ≤ 1 | C299: ≤ 1 | D299: ≤ 1 | E299: ≤ 1 | F299: ≤ 1
A300: =OFFSET($C300,0,$B$4-1) -> = 0 | C300: = 0 | D300: = 0 | E300: = 0 | F300: = 0
A301: =OFFSET($C301,0,$B$4-1) -> S W O T A N A L Y S I S | C301: S W O T - A N A L Y S E | D301: A N A L Y S E S W O T | E301: S W O T A N A L Y S I S | F301: A N A L I S I S W O T | G301: contact info@2imanagement.ch
...

Sheet CanvasLeer
B1: =' '!A340 -> T H E B U S I N E S S M O D E L C A N V A S
C3: =' '!A341 -> Developed for: | E3: =' '!A342 -> Developed by: | G3: =' '!A343 -> Updated on:
C6: Key Partnerships | D6: Key Activities | E6: Value Propositions | G6: Customer Relationship | H6: Customer Segments
D23: Key Resources | G23: Channels
C39: Cost Structure | F39: Revenue Streams
C52: © iManagement • dr. s.imboden • www.2iManagement.ch

Sheet Logo
D4: =' '!A51 -> Your logo:
B11: © iManagement • dr. s.imboden • www.2iManagement.ch
